 Seeded DCSS version 0.29-a0-25-g7f48f510a0 (webtiles) character file.

Game seed: 10000000000011 (custom seed)

324 knot the Chopper (level 6, -4/45 (70) HPs)
             Began as a Demonspawn Berserker on Jan 31, 2022.
             Was a Believer of Trog.
             Slain by Duvessa (13 damage)
             ... on level 4 of the Dungeon.
             The game lasted 00:02:25 (2861 turns).

knot the Chopper (Demonspawn Berserker)             Turns: 2861, Time: 00:02:25

HP:   -4/45 (70)    AC: 23    Str: 17    XL:     6   Next: 23%
MP:   6/6           EV:  2    Int: 11    God:    Trog [**....]
Gold: 119           SH:  0    Dex: 12    Spells: 5/5 levels left

rFire   . . .      SeeInvis .   a - +0 hand axe
rCold   . . .      Faith    .   (no shield)
rNeg    . . .      Spirit   .   (armour currently unavailable)
rPois   +          Reflect  +   (helmet currently unavailable)
rElec   .          Harm     .   (cloak currently unavailable)
rCorr   .          Rampage  .   (gloves currently unavailable)
Will    .....      NoTele   +   (boots currently unavailable)
Stlth   +.........              d - amulet of reflection
HPRegen 0.15/turn               (no ring)
MPRegen 0.20/turn               (no ring)

@: confused, mighty, lit by a corona, tree-form, on berserk cooldown, slowed,
glowing, very heavily drained, very slow
A: stationary, stasis, torment immunity, boosted hp, magic regeneration,
(demonic touch 2)
a: Renounce Religion, Berserk, Trog's Hand


You were on level 4 of the Dungeon.
You worshipped Trog.
Trog was pleased with you.
You were a tree.
You visited 1 branch of the dungeon, and saw 4 of its levels.

You collected 119 gold pieces.

Inventory:

Hand Weapons
 a - a +0 hand axe (weapon)
Missiles
 f - 71 stones (quivered)
 k - 2 poisoned darts
 p - 4 boomerangs
Armour
 h - a +0 ring mail (melded)
Jewellery
 d - an amulet of reflection (around neck)
Wands
 o - a wand of polymorph (8)
Scrolls
 c - a scroll of amnesia {unknown}
 j - 2 scrolls of identify {unknown}
 m - 2 scrolls of blinking {unknown}
 n - a scroll of fog {unknown}
Potions
 l - a potion of heal wounds {unknown}


   Skills:
 - Level 3.0 Fighting
 + Level 6.4 Axes
 - Level 1.7 Armour
 - Level 1.7 Dodging


You had 5 spell levels left.
You didn't know any spells.
Your spell library contained the following spells:

 Spells                   Type           Power      Damage    Failure   Level
 Corpse Rot               Necr/Air       0%         N/A       47%         2
 Ensorcelled Hibernation  Hex/Ice        0%         N/A       47%         2
 Passwall                 Tmut/Erth      0%         N/A       47%         2
 Poisonous Vapours        Pois/Air       0%         N/A       47%         2
 Swiftness                Air            0%         N/A       71%         3


Dungeon Overview and Level Annotations

Branches:
Dungeon (4/15)             Temple (0/1) D:4

Altars:

Shops:
D:3 [

Annotations:
D:4 Duvessa, Ijyb


Innate Abilities, Weirdness & Mutations

You are a tree.
Your roots penetrate the ground, keeping you stationary.
You cannot be teleported.
You are immune to unholy pain and torment.
Your maximum health is greatly increased.
Your equipment is partially melded.
You regenerate magic rapidly.
((Your touch may inflict irresistible damage on your foes.))


Message History

You barely miss Ijyb. You slash Dowan!
You kill Dowan!
Trog accepts your kill.
Trog appreciates your killing of a magic user.
Duvessa screams in rage.
Duvessa goes berserk!
You miss Duvessa.
Duvessa hits you with a +2 short sword of draining.
You feel drained.
You hit Duvessa but do no damage. You barely miss Ijyb.
You feel a strong urge to attack something.
Ijyb zaps a wand.
You resist with some effort. Duvessa hits you but does no damage.
You feel drained.
You barely miss Ijyb. You slash Duvessa! Duvessa hits you but does no damage.
You feel drained. Ijyb hits you but does no damage.
You hit Duvessa but do no damage.
Duvessa is moderately wounded.
You hit Ijyb.
Duvessa hits you with a +2 short sword of draining!
You feel drained.
You hit Duvessa. You hit Ijyb.
You are no longer berserk.
You are exhausted.
You feel yourself slow down. Ijyb hits you but does no damage.
Duvessa hits you with a +2 short sword of draining!
* * * LOW HITPOINT WARNING * * *
You feel drained.
* * * LOW HITPOINT WARNING * * *
You cannot move. (Use ctrl+direction or * direction to attack without moving.) Unknown command.
You cannot move. (Use ctrl+direction or * direction to attack without moving.)
You cannot move. (Use ctrl+direction or * direction to attack without moving.) Unknown command.
You cannot move. (Use ctrl+direction or * direction to attack without moving.) Unknown command.
You cannot move. (Use ctrl+direction or * direction to attack without moving.)
You barely miss Duvessa. You closely miss Ijyb.
Duvessa hits you but does no damage.
You feel drained. Ijyb hits you but does no damage.
Duvessa hits you with a +2 short sword of draining!
You die...

#..... .......
#####.......
#...........
#..........
#.........#
###......# #.
##....)†g.# #.
##..##.e♣†.# #.
#.)###..).(# ###.###
#.###......# ###+###
#..........#
##⌠.⌠####.####$....#
.+.>.'....# ####.##
##⌠.⌠###### .#
###'### .# ###.###


You could see Duvessa (berserk, fast) and Ijyb.

Vanquished Creatures
  An ogre (D:3)
  A scorpion (D:4)
  Dowan (D:4)
  A centaur skeleton (D:4)
  5 adders
  6 endoplasms
  A giant cockroach (D:1)
  5 goblins
  4 hobgoblins
  14 jackals
  2 ball pythons
  7 bats
  5 frilled lizards
  3 kobolds
  5 rats
61 creatures vanquished.

Notes
Turn   | Place    | Note
-------+----------+-------------------------------------------
     0 | D:1      | knot the Demonspawn Berserker began the quest for the Orb.
     0 | D:1      | Reached XP level 1. HP: 18/18 MP: 1/1
    52 | D:1      | Reached skill level 3 in Axes
   176 | D:1      | Gained mutation: You regenerate magic rapidly. [demonic
                  | ancestry]
   176 | D:1      | Reached XP level 2. HP: 20/24 MP: 2/2
  1140 | D:2      | Reached ** piety under Trog
  1141 | D:2      | Gained mutation: Your touch may inflict minor irresistible
                  | damage on your foes. [demonic ancestry]
  1141 | D:2      | Reached XP level 3. HP: 29/29 MP: 3/3
  1236 | D:2      | Reached skill level 4 in Axes
  1533 | D:2      | Reached XP level 4. HP: 35/35 MP: 4/4
  2058 | D:3      | Noticed an ogre
  2065 | D:3      | Killed an ogre
  2066 | D:3      | Reached skill level 5 in Axes
  2066 | D:3      | Reached XP level 5. HP: 34/41 MP: 5/5
  2323 | D:3      | Found Daocsar's Antique Armour Emporium.
  2732 | D:4      | Reached skill level 6 in Axes
  2819 | D:4      | Found a staircase to the Ecumenical Temple.
  2833 | D:4      | Noticed Dowan
  2835 | D:4      | Noticed Duvessa
  2837 | D:4      | Noticed Ijyb
  2852 | D:4      | Gained mutation: Your touch may inflict irresistible damage
                  | on your foes. [demonic ancestry]
  2852 | D:4      | Reached XP level 6. HP: 37/37 MP: 6/6
  2856 | D:4      | Killed Dowan
  2861 | D:4      | Slain by Duvessa

Illustrated notes

Levels and vault maps discovered:
D:1:      lordsloth_arrival_two_stooges, layout_basic, grunt_decor_fettered,
          minmay_misc_feat_diagonals, nicolae_concentric_dashed_squares_wild
D:2:      layout_rooms, hangedman_decor_clover_reticule
D:3:      layout_basic, serial_shops, shop, kennysheep_path_1
D:4:      layout_rooms, temple_doors_e, uniq_duvessa, uniq_ijyb

Skill      XL: |  1  2  3  4  5 |
---------------+----------------+-----
Axes           | 3 4 5 6 |  6.4
Fighting       | |  3.0
Armour         | |  1.7
Dodging        | |  1.7

Action                   |  1- 3 |  4- 6 || total
-------------------------+-------+-------++-------
Melee: Hand axe          |   103 |    52 ||   155
       Punch             |     1 |       ||     1
       Touch             |     4 |     9 ||    13
Invok: Berserk           |     1 |     4 ||     5
  Use: Potion            |       |     4 ||     4
Armor: Animal skin       |     7 |       ||     7
       Ring mail         |    18 |    21 ||    39
       Skin              |       |    36 ||    36
Dodge: Dodged            |    59 |    35 ||    94
Block: Other             |    31 |    19 ||    50
       Reflection        |       |     1 ||     1

Table legend: (Time is in decaauts)
 A = Elapsed time spent in this place.
 B = Non-inter-level travel time spent in this place.
 C = Inter-level travel time spent in this place.
 D = Time resting spent in this place.
 E = Time spent auto-exploring this place.
 F = Levels seen in this place.
 G = Mean time per level.
                   A        B        C        D        E       F      G
               +--------+--------+--------+--------+--------+-----+--------+
         Total |   2911 |   2837 |     74 |    592 |   1878 |   4 |  727.8 |
       Dungeon |   2911 |   2837 |     74 |    592 |   1878 |   4 |  727.8 |
               +--------+--------+--------+--------+--------+-----+--------+

Top non-repeatable levels by time:
     D:1: 1144 daAuts
     D:3: 921 daAuts
     D:2: 652 daAuts
     D:4: 192 daAuts
